 Dungeon Crawl Stone Soup version 0.24.0-123-gd5b16e6ec5 (webtiles) character file.

Game seed: 17532083486550176613, levelgen mode: deterministic

66 vurker the Twirler (level 3, 0/31 HPs)
             Began as a Minotaur Gladiator on Dec 19, 2019.
             Succumbed to an adder's poison
             ... on level 2 of the Dungeon.
             The game lasted 00:01:50 (994 turns).

vurker the Twirler (Minotaur Gladiator)              Turns: 994, Time: 00:01:51

Health: 0/31       AC:  3    Str: 18 (19) XL:     3   Next: 96%
Magic:  2/2        EV: 13    Int:  3 (5)  God:
Gold:   60         SH:  0    Dex: 10 (11) Spells: 2/2 levels left

rFire    . . .     SeeInvis .   a - +0 quarterstaff
rCold    . . .     Gourm    .   (shield currently unavailable)
rNeg     . . .     Faith    .   b - +0 leather armour
rPois    .         Spirit   .   c - +0 hat
rElec    .         Reflect  .   (no cloak)
rCorr    .         Harm     .   (no gloves)
MR       .....                  (no boots)
Stlth    +.........             (no amulet)
HPRegen  0.10/turn              (no ring)
MPRegen  0.08/turn              (no ring)

@: lethally poisoned (0 -> -2)
A: retaliatory headbutt, horns 2
a: no special abilities


You were on level 2 of the Dungeon.
You were not hungry.

You visited 1 branch of the dungeon, and saw 2 of its levels.

You collected 60 gold pieces.

Inventory:

Hand Weapons
 a - a +0 quarterstaff (weapon)
Missiles
 d - 3 throwing nets (quivered)
Armour
 b - a +0 leather armour (worn)
 c - a +0 hat (worn)
Scrolls
 g - 4 scrolls of identify {unknown}
Comestibles
 e - 2 rations
 f - 2 chunks of flesh


   Skills:
 + Level 3.1 Fighting
 * Level 4.6 Staves
 - Level 2.0 Throwing
 + Level 1.7 Armour
 + Level 3.8 Dodging


You had 2 spell levels left.
You didn't know any spells.
Your spell library was empty.

Dungeon Overview and Level Annotations

Branches:
Dungeon (2/15)

Altars:


Innate Abilities, Weirdness & Mutations

You reflexively headbutt those who attack you in melee.
You have a pair of horns on your head.


Message History

You feel sick.
Found a scroll labeled HOQERA SAOSA.
You see here an adder corpse.
* * * LOW HITPOINT WARNING * * *
You feel sick.
* * * LOW HITPOINT WARNING * * *
You feel sick.
You see here a bubbling purple potion.
h - a bubbling purple potion
* * * LOW HITPOINT WARNING * * *
You feel sick.
It was a potion of cancellation.
Your magical effects are unravelling.
You feel magically purged.
You feel a little less mighty now.
* * * LOW HITPOINT WARNING * * *
You feel sick.
* * * LOW HITPOINT WARNING * * *
You feel sick.
* * * LOW HITPOINT WARNING * * *
You feel sick.
* * * LOW HITPOINT WARNING * * *
You feel sick.
* * * LOW HITPOINT WARNING * * *
You feel sick.
You see here a metallic black potion.
h - a metallic black potion Unknown command.
It was a potion of degeneration.
There was something very wrong with that liquid.
You feel weakened.
You feel dopey.
You feel clumsy.
* * * LOW HITPOINT WARNING * * *
You feel sick.
* * * LOW HITPOINT WARNING * * *
You feel sick.
* * * LOW HITPOINT WARNING * * *
You feel sick.
* * * LOW HITPOINT WARNING * * *
You feel sick.
* * * LOW HITPOINT WARNING * * *
You feel sick.
* * * LOW HITPOINT WARNING * * *
You feel sick.
Found a ration.
* * * LOW HITPOINT WARNING * * *
You feel sick.
Found 15 gold pieces.
Found an escape hatch in the floor.
Found a hunting sling and a short sword.
Found a stone staircase leading down.
You die...

#. #.# #... ##.# #. #.#
#... ..... #.###.###...
#.#.## #........#..
..... #.....?..#..
.###.#.#### #...........
.>........# #........##.
#)........####.......#..
...>...@.............+..
#)........####.......#..
##........# ###..#####.
#........# ##.# ##
#........# #..# #
#.....$..# #...#
####.##### ....# #. ....


There were no monsters in sight!

Vanquished Creatures
  Natasha (D:2)
  An adder (D:2)
  A worm (D:2)
  A dart slug (D:1)
  3 leopard geckos (D:1)
  2 bats (D:1)
  A giant cockroach (D:1)
  3 goblins (D:1)
  3 hobgoblins (D:1)
  4 kobolds
  5 rats (D:1)
25 creatures vanquished.

Vanquished Creatures (others)
  A ghoul (D:1)
  2 minotaurs (D:1)
  A draconian (D:1)
  A vine stalker (D:1)
  A gargoyle (D:1)
  A troll (D:1)
  A formicid (D:1)
  A vampire (D:1)
  2 humans (D:1)
  A spriggan (D:1)
  An ogre (D:1)
  An orc (D:1)
  A kobold (D:1)
  5 tentacles (D:1)
20 creatures vanquished.

Grand Total: 45 creatures vanquished

Notes
Turn   | Place    | Note
-------+----------+-------------------------------------------
     0 | D:1      | vurker the Minotaur Gladiator began the quest for the Orb.
     0 | D:1      | Reached XP level 1. HP: 18/18 MP: 0/0
     2 | D:1      | Noticed a troll
     2 | D:1      | Noticed an ogre
     2 | D:1      | Noticed a draconian
     2 | D:1      | Noticed a formicid
     2 | D:1      | Noticed a spriggan
     2 | D:1      | Noticed a human
     2 | D:1      | Noticed a kraken
     2 | D:1      | Noticed a human
     2 | D:1      | Noticed a gargoyle
     2 | D:1      | Noticed a ghoul
     2 | D:1      | Noticed a minotaur
     2 | D:1      | Noticed a vampire
     2 | D:1      | Noticed a vine stalker
     2 | D:1      | Noticed a minotaur
     8 | D:1      | Killed a vampire
     9 | D:1      | Killed an ogre
    10 | D:1      | Killed a gargoyle
    11 | D:1      | Killed a draconian
    12 | D:1      | Killed a troll
    12 | D:1      | Killed a formicid
    13 | D:1      | Killed a vine stalker
    14 | D:1      | Killed a spriggan
    14 | D:1      | Killed a minotaur
    16 | D:1      | Killed a human
    17 | D:1      | Killed a ghoul
    17 | D:1      | Killed a human
    18 | D:1      | Killed a minotaur
   173 | D:1      | Reached XP level 2. HP: 22/25 MP: 1/1
   196 | D:1      | Reached skill level 4 in Staves
   251 | D:1      | Reached skill level 1 in Armour
   908 | D:2      | Reached XP level 3. HP: 29/30 MP: 2/2
   932 | D:2      | Noticed Natasha
   937 | D:2      | Killed Natasha
   986 | D:2      | HP: 1/31 [poisoned by an adder]
   994 | D:2      | Succumbed to an adder's poison

Levels and vault maps discovered:
D:1:      nicolae_arrival_kraken_aquarium_b, layout_basic, serial_forest,
          infiniplex_forest_straight_3, infiniplex_forest_lined_room_3,
          infiniplex_forest_end_1, infiniplex_forest_lined_3_way,
          infiniplex_forest_clump_C, infiniplex_forest_straight_2,
          infiniplex_forest_straight_5, infiniplex_forest_lined_corner,
          minmay_distorted
D:2:      layout_loops_corners, first_ration, ashenzari_altar_1, uniq_natasha

Skill      XL: |  1  2  3 |
---------------+----------+-----
Staves         | 4 |  4.6
Armour         | 1 |  1.7
Fighting       | 3 |  3.1
Throwing       | |  2.0
Dodging        | |  3.8

Action                   || total
-------------------------++-------
Melee: Quarterstaff      ||    55
       Headbutt          ||     7
  Use: Potion            ||     3
Armor: Leather armour    ||     3
Dodge: Dodged            ||    22
